[Event "Saturday 07 April Rapid Engine Tour 12+1 Rounds 9 Starts 1600ST"]
[Site "Infinity Chess"]
[Date "2018.4.7"]
[Round "2"]
[White "SkyPilot"]
[Black "Eman"]
[Result "1/2-1/2"]
[ECO "B90"]
[WhiteElo "2478"]
[BlackElo "2481"]
[WhiteEngine "stockfish_x64_bmi2_2018_03_30_CTG"]
[BlackEngine "Eman 1.70-beta18 64-bit POPCNT"]
[EventType "Swiss"]
[WhiteTeam ""]
[BlackTeam ""]
[PlyCount "108"]
[TimeControl "720+1"]

1. e4 c5 2. Nf3 d6 3. d4 cxd4 4. Nxd4 Nf6 5. Nc3 a6 6. Be3 e5 7. Nb3 Be6 
8. f3 Be7 9. Qd2 Nbd7 10. g4 O-O 11. O-O-O b5 12. g5 Nh5 13. Kb1 Nb6 
14. Nd5 Nxd5 15. exd5 Bf5 16. Na5 f6 17. h4 Ng3 18. Nc6 Qd7 19. Rg1 Nxf1 
20. Rdxf1 fxg5 21. hxg5 Bg6 22. Rf2 Rae8 23. a3 Rf5 24. Rh1 Bd8 25. Rhf1 Qf7 
26. b3 Qb7 27. Qb4 Qc7 28. Qd2 a5 29. f4 exf4 30. Rxf4 Rxg5 31. R4f3 Rh5 
32. Qf2 Bf6 33. Bd4 Rxd5 34. Bxf6 Qxc6 35. Bb2 Qc8 36. Qa7 Rde5 37. Bxe5 Qxc2+ 
38. Ka1 dxe5 39. Qb6 h5 40. Rg1 Bf5 41. Qf6 Bg4 42. Qf7+ Kh7 43. Rxg4 Qc1+ 
44. Ka2 Qc2+ 45. Ka1 Qc1+ 46. Ka2 Qd2+ 47. Ka1 hxg4 48. Rf1 Qd4+ 49. Ka2 Qd2+ 
50. Ka1 Qc3+ 51. Ka2 Qc2+ 52. Ka1 Qc3+ 53. Ka2 Qc2+ 54. Ka1 Qc3+ 1/2-1/2

[Event "Saturday 07 April Rapid Engine Tour 12+1 Rounds 9 Starts 1600ST"]
[Site "Infinity Chess"]
[Date "2018.4.7"]
[Round "2"]
[White "MarioDeMonti"]
[Black "Harry_Potter"]
[Result "1/2-1/2"]
[ECO "A45"]
[WhiteElo "2500"]
[BlackElo "2503"]
[WhiteEngine "stockfish_x64_bmi2_2018_02_18_CTG"]
[BlackEngine "Stockfish_x64_bmi2_CTG"]
[EventType "Swiss"]
[WhiteTeam ""]
[BlackTeam ""]
[PlyCount "160"]
[TimeControl "720+1"]

1. d4 Nf6 2. Bf4 d5 3. e3 c5 4. Nd2 Nc6 5. c3 Bf5 6. Qb3 Qd7 7. Ngf3 c4 
8. Qd1 e6 9. Be2 b5 10. O-O Bd6 11. Bxd6 Qxd6 12. Nh4 O-O 13. g4 Bg6 14. f4 Qe7 
15. Nxg6 hxg6 16. Bf3 Qc7 17. Qe2 Rab8 18. a3 a5 19. Rae1 b4 20. axb4 axb4 
21. e4 Ne7 22. e5 Nh7 23. Ra1 Ra8 24. Rfc1 Ra5 25. Rxa5 Qxa5 26. Nf1 Ra8 
27. Ne3 Qd8 28. Qe1 Ra2 29. Rb1 Qb6 30. Kh1 Qa7 31. Bg2 Nf8 32. Bf3 Qd7 
33. cxb4 Nc6 34. Nc2 Na7 35. Na3 Nb5 36. Nxb5 Qxb5 37. Bd1 Ra7 38. Kg2 Nd7 
39. Bc2 Qb8 40. Qc3 Rb7 41. Ba4 Nf8 42. b5 Qa7 43. b3 Rc7 44. Qd2 Nd7 45. Rd1 c3 
46. Qd3 Qa5 47. Rc1 Qb4 48. Kf3 Nb6 49. Ke3 Kf8 50. Rc2 Ke8 51. Qf1 Nxa4 
52. bxa4 Rc4 53. Qc1 Kf8 54. Kf3 Kg8 55. g5 Qxa4 56. Rxc3 Qxb5 57. Qa1 Rxc3+ 
58. Qxc3 Qf1+ 59. Kg3 Qg1+ 60. Kf3 Qxh2 61. Qc1 Qh3+ 62. Kf2 Kh7 63. Qa1 Qg4 
64. Qh1+ Kg8 65. Qf3 Qh4+ 66. Kg2 Qe1 67. Qf2 Qe4+ 68. Kg3 Qd3+ 69. Kg4 Kh8 
70. Qg1 Qc2 71. Kh4 Kg8 72. Kg3 Qc3+ 73. Kg2 Qc2+ 74. Qf2 Qb1 75. Kg3 Qd3+ 
76. Kg4 Qf5+ 77. Kg3 Qb1 78. Kh3 Qe4 79. Kg4 f6 80. exf6 gxf6 1/2-1/2

[Event "Saturday 07 April Rapid Engine Tour 12+1 Rounds 9 Starts 1600ST"]
[Site "Infinity Chess"]
[Date "2018.4.7"]
[Round "2"]
[White "Murx"]
[Black "THE_MACHINE"]
[Result "1/2-1/2"]
[ECO "D30"]
[WhiteElo "2505"]
[BlackElo "2506"]
[WhiteEngine "asmFishW_2018-04-01_bmi2"]
[BlackEngine "BrainFish_180404_x64_bmi2"]
[EventType "Swiss"]
[WhiteTeam ""]
[BlackTeam ""]
[PlyCount "123"]
[TimeControl "720+1"]

1. d4 d5 2. c4 e6 3. Nf3 Nf6 4. e3 Be7 5. a3 Nbd7 6. cxd5 exd5 7. Nc3 O-O 
8. Bd3 c6 9. Qc2 Re8 10. O-O Bd6 11. Re1 h6 12. h3 Nb6 13. Bd2 Be6 14. Rac1 a5 
15. Ne5 Bxe5 16. dxe5 Nfd7 17. f4 Nc5 18. Rcd1 Nxd3 19. Qxd3 Nc4 20. Bc1 a4 
21. e4 Qb6+ 22. Kh2 Nxb2 23. Bxb2 Qxb2 24. exd5 cxd5 25. Nb5 Rec8 26. Rb1 Qf2 
27. Rf1 Qc2 28. Qf3 Bf5 29. Nd4 Qd3 30. Nxf5 Qxf5 31. Rxb7 Ra5 32. Rb4 Rc4 
33. Rb8+ Kh7 34. Rd8 h5 35. g4 Qe4 36. Qxe4+ dxe4 37. gxh5 Rb5 38. Kg3 e3 
39. Rd3 Rb3 40. Rxb3 axb3 41. Rb1 e2 42. Kf2 Rxf4+ 43. Kxe2 Re4+ 44. Kf2 Rxe5 
45. Rxb3 Ra5 46. Rf3 f6 47. Rg3 Rxh5 48. a4 Rf5+ 49. Rf3 Rh5 50. Kg3 Kg8 
51. Ra3 Rg5+ 52. Kf4 Ra5 53. h4 Kf7 54. Ke3 Kg6 55. Kf4 Kh5 56. Ra1 f5 
57. Ra2 g6 58. Ra1 Kh6 59. Ra2 Kh5 60. Ra1 Kh6 61. Ra3 Kh5 62. Ra1 1/2-1/2

[Event "Saturday 07 April Rapid Engine Tour 12+1 Rounds 9 Starts 1600ST"]
[Site "Infinity Chess"]
[Date "2018.4.7"]
[Round "2"]
[White "Susanne"]
[Black "xeonrocks"]
[Result "1/2-1/2"]
[ECO "C53"]
[WhiteElo "2517"]
[BlackElo "2563"]
[WhiteEngine "stockfish_jvv03_x64_bmi2_CTG"]
[BlackEngine "Stockfish_x64_bmi2_CTG"]
[EventType "Swiss"]
[WhiteTeam ""]
[BlackTeam ""]
[PlyCount "107"]
[TimeControl "720+1"]

1. e4 e5 2. Nf3 Nc6 3. Bc4 Bc5 4. c3 Nf6 5. d3 d6 6. O-O a5 7. Bg5 Ba7 8. Bh4 h6 
9. Na3 g5 10. Bg3 O-O 11. Bb3 Bg4 12. h3 Bh5 13. Nc4 b5 14. Ne3 a4 15. Bc2 Bg6 
16. Qd2 Bxe3 17. Qxe3 Nh5 18. d4 a3 19. Rab1 axb2 20. Rxb2 Na5 21. Bd3 exd4 
22. Qxd4 Re8 23. Rxb5 Nc6 24. Qd5 Qd7 25. Re1 Ra3 26. e5 Bxd3 27. Qxd3 Nxg3 
28. fxg3 Rxa2 29. Kh2 Re6 30. c4 Ra8 31. exd6 Rxe1 32. Nxe1 Qxd6 33. Rd5 Qf8 
34. Qb1 Rd8 35. Rxd8 Qxd8 36. Nf3 Qd6 37. Qf5 Ne7 38. Qe4 Kf8 39. Nd4 c5 
40. Nb5 Qe6 41. Qxe6 fxe6 42. g4 Nc6 43. Kg3 Ne5 44. Nd6 Ke7 45. Ne4 Nxc4 
46. Nxc5 Kf6 47. Kf3 e5 48. Ke4 Ke7 49. Kf5 Kd6 50. Nb3 Ne3+ 51. Kg6 Nxg2 
52. Kxh6 Nf4 53. Kxg5 Nxh3+ 54. Kf5 1/2-1/2

[Event "Saturday 07 April Rapid Engine Tour 12+1 Rounds 9 Starts 1600ST"]
[Site "Infinity Chess"]
[Date "2018.4.7"]
[Round "1"]
[White "angriff"]
[Black "Deep_Impact"]
[Result "1/2-1/2"]
[ECO "C50"]
[WhiteElo "2338"]
[BlackElo "2466"]
[WhiteEngine "DracoREX 3.07 64BIT POPCNT_CTG"]
[BlackEngine "BrainFish_180404_x64_bmi2"]
[EventType "Swiss"]
[WhiteTeam ""]
[BlackTeam ""]
[PlyCount "106"]
[TimeControl "720+1"]

1. e4 e5 2. Nf3 Nc6 3. Bc4 Bc5 4. O-O Nf6 5. d3 d6 6. c3 a5 7. Bg5 Ba7 
8. Nbd2 h6 9. Bh4 g5 10. Bg3 O-O 11. Re1 Nh7 12. h3 g4 13. hxg4 Bxg4 14. Bd5 Ng5 
15. Qc2 Qf6 16. Bxc6 bxc6 17. Nh4 Qg7 18. Nf5 Bxf5 19. exf5 Qf6 20. d4 exd4 
21. cxd4 Bxd4 22. Rab1 c5 23. Nb3 Rfe8 24. Nxd4 Qxd4 25. Kh2 Re4 26. b3 Rae8 
27. Rxe4 Nxe4 28. Re1 Kf8 29. Bf4 Ng5 30. Rxe8+ Kxe8 31. Bc1 Qe5+ 32. Kg1 Qe4 
33. Qxe4+ Nxe4 34. Bxh6 Nc3 35. Bd2 Nxa2 36. Kf1 d5 37. Ke2 Nb4 38. Bc3 Kd7 
39. f4 d4 40. Bd2 c4 41. Bxb4 axb4 42. bxc4 b3 43. Kd2 f6 44. g4 c6 45. g5 c5 
46. Kd3 Ke7 47. g6 Kf8 48. Kd2 Kg8 49. Kd3 Kg7 50. Kd2 Kg8 51. Kd3 Kg7 
52. Kd2 Kh8 53. Kd3 Kg7 1/2-1/2

[Event "Saturday 07 April Rapid Engine Tour 12+1 Rounds 9 Starts 1600ST"]
[Site "Infinity Chess"]
[Date "2018.4.7"]
[Round "1"]
[White "Marsell"]
[Black "Vimtiroba"]
[Result "1/2-1/2"]
[ECO "C53"]
[WhiteElo "2467"]
[BlackElo "2369"]
[WhiteEngine "asmFishW_2018-04-02_bmi2"]
[BlackEngine "SF9 ''A6''_CTG"]
[EventType "Swiss"]
[WhiteTeam ""]
[BlackTeam ""]
[PlyCount "67"]
[TimeControl "720+1"]

1. e4 e5 2. Nf3 Nc6 3. Bc4 Bc5 4. c3 Nf6 5. d3 a5 6. O-O d6 7. Bg5 h6 8. Bh4 O-O 
9. a4 g5 10. Bg3 g4 11. Nh4 Nh5 12. Na3 Nxg3 13. hxg3 Qf6 14. Nc2 Bd7 
15. Bb5 Be6 16. Qe2 h5 17. Rad1 Bb6 18. Ne3 Ne7 19. Bc4 c6 20. Bxe6 fxe6 
21. Nc4 Bc7 22. d4 exd4 23. cxd4 d5 24. e5 Qh6 25. Nd6 Bxd6 26. exd6 Nf5 
27. Rfe1 Rad8 28. Nxf5 exf5 29. Qe6+ Qxe6 30. Rxe6 Rfe8 31. Re5 Rf8 32. Re6 Rfe8 
33. Re5 Rf8 34. Re6 1/2-1/2

[Event "Saturday 07 April Rapid Engine Tour 12+1 Rounds 9 Starts 1600ST"]
[Site "Infinity Chess"]
[Date "2018.4.7"]
[Round "1"]
[White "beka"]
[Black "hafaba"]
[Result "1/2-1/2"]
[ECO "E06"]
[WhiteElo "2393"]
[BlackElo "2467"]
[WhiteEngine "stockfish_18032408_32bit"]
[BlackEngine "Eman 1.70-beta18 64-bit POPCNT_CTG"]
[EventType "Swiss"]
[WhiteTeam ""]
[BlackTeam ""]
[PlyCount "155"]
[TimeControl "720+1"]

1. d4 Nf6 2. c4 e6 3. g3 d5 4. Bg2 Bb4+ 5. Nd2 O-O 6. Ngf3 b6 7. a3 Be7 
8. cxd5 exd5 9. Ne5 Bb7 10. b3 c5 11. Bb2 Nc6 12. Nxc6 Bxc6 13. O-O Re8 
14. Re1 Rc8 15. Rc1 Ne4 16. Nxe4 dxe4 17. Bh3 Rc7 18. dxc5 bxc5 19. Qxd8 Rxd8 
20. b4 Rd5 21. Bg2 f5 22. f3 exf3 23. Bxf3 Rdd7 24. Be5 Rc8 25. Rc3 Bg5 
26. Bxc6 Rxc6 27. e3 c4 28. Rec1 Kf7 29. R1c2 Ra6 30. Kf2 Bf6 31. Bxf6 Kxf6 
32. Rxc4 Rxa3 33. Rc6+ Kg5 34. h4+ Kh5 35. Rc7 Rxc7 36. Rxc7 Kg6 37. Kf3 Rb3 
38. Rxa7 Rxb4 39. Ra6+ Kf7 40. h5 h6 41. Rg6 Ra4 42. Rb6 Ra5 43. Kf4 Rc5 
44. Rg6 Rd5 45. Kf3 Ra5 46. Kf4 Rc5 47. e4 fxe4 48. g4 e3 49. Kxe3 Rc4 
50. Kf2 Rf4+ 51. Kg3 Rb4 52. Kh4 Rb7 53. Kg3 Rb4 54. Kf2 Rb5 55. Kg3 Ra5 
56. Kf3 Ra4 57. Kg3 Ra5 58. Kh4 Rb5 59. Ra6 Kg8 60. Kg3 Rb3+ 61. Kf2 Rb2+ 
62. Kg3 Rb1 63. Ra7 Rb3+ 64. Kf2 Rb2+ 65. Kf3 Rb1 66. Ra5 Rf1+ 67. Kg2 Rf6 
68. Ra8+ Kf7 69. Ra7+ Kf8 70. Kg3 g6 71. g5 hxg5 72. h6 Kg8 73. Rg7+ Kh8 
74. Kg4 Rf5 75. Rxg6 Rf1 76. Rg7 Re1 77. Rxg5 Kh7 78. Kh5 1/2-1/2

[Event "Saturday 07 April Rapid Engine Tour 12+1 Rounds 9 Starts 1600ST"]
[Site "Infinity Chess"]
[Date "2018.4.7"]
[Round "1"]
[White "KRAKEN"]
[Black "KQRBNP"]
[Result "1/2-1/2"]
[ECO "A05"]
[WhiteElo "2478"]
[BlackElo "2418"]
[WhiteEngine "Raubfisch X38_CTG"]
[BlackEngine "Eman 1.70-beta18 64-bit POPCNT"]
[EventType "Swiss"]
[WhiteTeam ""]
[BlackTeam ""]
[PlyCount "145"]
[TimeControl "720+1"]

1. Nf3 Nf6 2. c4 e6 3. Nc3 d5 4. d4 c6 5. e3 Nbd7 6. Bd3 dxc4 7. Bxc4 b5 
8. Be2 Bb7 9. O-O Be7 10. a3 a5 11. b3 O-O 12. Bb2 b4 13. axb4 axb4 14. Na4 c5 
15. Nd2 cxd4 16. Bxd4 Qb8 17. Nc4 Rd8 18. Qc2 Be4 19. Qb2 Ne8 20. Rfd1 Bf6 
21. Rd2 h6 22. Rad1 Bd5 23. Ncb6 Nxb6 24. Nxb6 Qxb6 25. Bxb6 Bxb2 26. Rxb2 Rdb8 
27. Bc5 Ra5 28. Bd4 Ra3 29. Be5 Rb7 30. Rdb1 f6 31. Bg3 f5 32. f3 Kf7 
33. Bd1 Nf6 34. h4 Bc6 35. Rc1 Bd5 36. Bc2 Ra5 37. Be1 g6 38. Bd3 g5 
39. hxg5 hxg5 40. Kf2 g4 41. Bc4 gxf3 42. gxf3 Rb8 43. Bd2 Rh8 44. Bf1 Raa8 
45. Bg2 Rhb8 46. Bf1 Ra7 47. Be2 e5 48. Rg1 e4 49. f4 Ra3 50. Rc1 Rb7 
51. Rh1 Be6 52. Rg1 Ra8 53. Rg5 Ra1 54. Be1 Ng4+ 55. Bxg4 fxg4 56. f5 Kf6 
57. Rxg4 Kxf5 58. Rf4+ Ke5 59. Rh4 Rf7+ 60. Ke2 Rg7 61. Kf2 Rf7+ 62. Ke2 Bxb3 
63. Bg3+ Kd5 64. Rxb3 Ra2+ 65. Ke1 Kc4 66. Rb1 Rg2 67. Bh2 b3 68. Rxe4+ Kd3 
69. Rd4+ Kxe3 70. Rd2 Rxd2 71. Rxb3+ Rd3 72. Bg1+ Ke4 73. Rxd3 1/2-1/2

[Event "Saturday 07 April Rapid Engine Tour 12+1 Rounds 9 Starts 1600ST"]
[Site "Infinity Chess"]
[Date "2018.4.7"]
[Round "1"]
[White "KhalidOmar"]
[Black "SkyPilot"]
[Result "1/2-1/2"]
[ECO "C55"]
[WhiteElo "2428"]
[BlackElo "2480"]
[WhiteEngine "Eman 1.70-beta18 64-bit BMI2"]
[BlackEngine "stockfish_x64_bmi2_2018_03_30_CTG"]
[EventType "Swiss"]
[WhiteTeam ""]
[BlackTeam ""]
[PlyCount "137"]
[TimeControl "720+1"]

1. e4 e5 2. Nf3 Nc6 3. Bc4 Nf6 4. d3 Bc5 5. c3 d6 6. Bb3 a6 7. O-O O-O 
8. Nbd2 Ba7 9. Re1 Ng4 10. Re2 Kh8 11. h3 Nh6 12. Nf1 f5 13. Bg5 Qd7 14. a4 fxe4 
15. Rxe4 d5 16. Re1 Qd6 17. Be3 Bxe3 18. fxe3 Ne7 19. c4 d4 20. exd4 exd4 
21. c5 Qxc5 22. Rc1 Qd6 23. N1d2 Ng6 24. Ne4 Qb6 25. Nfg5 Bf5 26. Nc5 Rae8 
27. Nge6 Bxe6 28. Rxe6 Rxe6 29. Nxe6 Rc8 30. Qc2 Nf7 31. Bd5 Nd6 32. Qf2 c6 
33. Ba2 Qa5 34. Qxd4 Qe5 35. Qf2 Qf6 36. Qxf6 gxf6 37. b4 Ne5 38. Nc5 Re8 
39. Rf1 f5 40. a5 Kg7 41. d4 Nef7 42. d5 Ne5 43. Rc1 Ne4 44. Nxb7 cxd5 
45. Bxd5 Nd3 46. Rc7+ Kf6 47. Bc6 Re5 48. Bxe4 Rxe4 49. Rc6+ Ke5 50. Rxa6 Rxb4 
51. Rb6 Ra4 52. Rb5+ Kf6 53. Kf1 Ra1+ 54. Ke2 Nf4+ 55. Kf3 Ne6 56. Kg3 Ra2 
57. Rb6 Ke5 58. h4 f4+ 59. Kh3 Ra3+ 60. Kh2 Ra2 61. Rb5+ Kf6 62. Nd6 Nd4 
63. Rd5 Nf3+ 64. Kh3 Ke6 65. Rh5 Ng1+ 66. Kh2 Nf3+ 67. Kh3 Ng1+ 68. Kh2 Nf3+ 
69. Kh3 1/2-1/2

[Event "Saturday 07 April Rapid Engine Tour 12+1 Rounds 9 Starts 1600ST"]
[Site "Infinity Chess"]
[Date "2018.4.7"]
[Round "1"]
[White "Eman"]
[Black "fati64"]
[Result "1/2-1/2"]
[ECO "C55"]
[WhiteElo "2483"]
[BlackElo "2434"]
[WhiteEngine "Eman 1.70-beta18 64-bit POPCNT"]
[BlackEngine "BrainFish_180404_x64"]
[EventType "Swiss"]
[WhiteTeam ""]
[BlackTeam ""]
[PlyCount "104"]
[TimeControl "720+1"]

1. e4 e5 2. Nf3 Nc6 3. Bc4 Nf6 4. d3 Bc5 5. O-O d6 6. c3 a5 7. Re1 Ba7 
8. Nbd2 O-O 9. Nf1 Be6 10. Bxe6 fxe6 11. a4 Nh5 12. Be3 Qe8 13. Bxa7 Rxa7 
14. g3 Qg6 15. Nh4 Qf7 16. Qe2 Raa8 17. Nd2 Nf6 18. Rf1 Rad8 19. Nb3 Rb8 
20. Nd2 g5 21. Ng2 Qg6 22. Ne3 Rf7 23. Nc2 Rbf8 24. b4 h5 25. b5 Ne7 26. d4 exd4 
27. cxd4 g4 28. Ne1 Qg7 29. Kh1 Nh7 30. f4 Qxd4 31. Nb3 Qb6 32. Rd1 Nf6 
33. Nd3 Rh7 34. e5 Nfd5 35. exd6 cxd6 36. Qxe6+ Kh8 37. Rd2 h4 38. gxh4 Rf6 
39. Qe1 Qe3 40. Qxe3 Nxe3 41. Re1 N7f5 42. Nf2 Rxh4 43. Ne4 Rg6 44. Nxd6 g3 
45. Nxf5 Nxf5 46. Nxa5 Rg7 47. Nb3 gxh2 48. Rxh2 Ng3+ 49. Kg1 Ne2+ 50. Kh1 Ng3+ 
51. Kg1 Ne2+ 52. Kh1 Ng3+ 1/2-1/2

[Event "Saturday 07 April Rapid Engine Tour 12+1 Rounds 9 Starts 1600ST"]
[Site "Infinity Chess"]
[Date "2018.4.7"]
[Round "1"]
[White "ocirema"]
[Black "MarioDeMonti"]
[Result "1/2-1/2"]
[ECO "C55"]
[WhiteElo "2437"]
[BlackElo "2503"]
[WhiteEngine "asmFishW_2018-04-01_popcnt"]
[BlackEngine "stockfish_x64_bmi2_2018_02_18_CTG"]
[EventType "Swiss"]
[WhiteTeam ""]
[BlackTeam ""]
[PlyCount "106"]
[TimeControl "720+1"]

1. e4 e5 2. Nf3 Nc6 3. Bc4 Nf6 4. d3 Bc5 5. O-O d6 6. c3 O-O 7. h3 a5 8. Nbd2 h6 
9. Re1 Be6 10. a4 Ba7 11. b3 d5 12. exd5 Nxd5 13. Ne4 Bb6 14. Bd2 f5 15. Ng3 Qd6 
16. Qc2 Rae8 17. Bc1 Bc5 18. Re2 Nb6 19. d4 exd4 20. cxd4 Nxd4 21. Bxe6+ Rxe6 
22. Nxd4 Bxd4 23. Ba3 c5 24. Rd1 Qc6 25. Rxe6 Qxe6 26. Bxc5 Bxc5 27. Qxc5 Qxb3 
28. Rd4 Nxa4 29. Qe5 Kh7 30. Kh2 Nb6 31. Qxa5 Qe6 32. Qb4 Rf6 33. Nh5 Rg6 
34. Nf4 Qe5 35. g3 Rc6 36. h4 Qc5 37. Qxc5 Rxc5 38. Rb4 Nd5 39. Nxd5 Rxd5 
40. Rxb7 Kg6 41. Rb6+ Kh5 42. Kg2 Rd2 43. Rb7 g5 44. Rb5 gxh4 45. Rxf5+ Kg6 
46. g4 Ra2 47. Rh5 Rb2 48. Rxh4 Kg5 49. Kg3 Rb3+ 50. f3 Rxf3+ 51. Kxf3 Kxh4 
52. Kf4 Kh3 53. Kf3 Kh4 1/2-1/2

[Event "Saturday 07 April Rapid Engine Tour 12+1 Rounds 9 Starts 1600ST"]
[Site "Infinity Chess"]
[Date "2018.4.7"]
[Round "1"]
[White "Harry_Potter"]
[Black "Prometheus"]
[Result "1/2-1/2"]
[ECO "C50"]
[WhiteElo "2505"]
[BlackElo "2446"]
[WhiteEngine "Stockfish_x64_bmi2_CTG"]
[BlackEngine "Eman 1.70-beta18 64-bit BMI2"]
[EventType "Swiss"]
[WhiteTeam ""]
[BlackTeam ""]
[PlyCount "120"]
[TimeControl "720+1"]

1. e4 e5 2. Nf3 Nc6 3. Bc4 Bc5 4. O-O Nf6 5. d3 d6 6. c3 O-O 7. h3 a5 8. Bg5 h6 
9. Bh4 g5 10. Bg3 Nh5 11. d4 exd4 12. cxd4 Bb6 13. Nc3 Nxg3 14. fxg3 g4 
15. hxg4 Bxg4 16. Qd2 Bxf3 17. gxf3 Qg5 18. Qxg5+ hxg5 19. Nd5 Bxd4+ 20. Kg2 Ne5 
21. Be2 Ng6 22. Rad1 Bxb2 23. Rb1 Bg7 24. Nxc7 Rab8 25. Rfc1 Rfc8 26. Nd5 Bd4 
27. f4 gxf4 28. gxf4 Kg7 29. Rxc8 Rxc8 30. Bd1 b6 31. Kg3 Rc5 32. Ba4 Rc4 
33. Bb3 Rc6 34. Bd1 Rc8 35. Ba4 Rh8 36. Rd1 Bc5 37. Rb1 Rg8 38. Kf3 Kf8 
39. Rh1 Ne7 40. Nf6 Rg1 41. Rh7 Rf1+ 42. Kg4 Ng8 43. Nh5 d5 44. e5 Rg1+ 
45. Kf3 Rf1+ 46. Kg3 Rg1+ 47. Kh2 Be3 48. Bb3 Ne7 49. Rh8+ Rg8 50. Rxg8+ Nxg8 
51. a4 f6 52. exf6 Bd4 53. Bxd5 b5 54. axb5 Nxf6 55. Nxf6 Bxf6 56. f5 Bh4 
57. b6 Bf6 58. Kh3 Be5 59. Kg2 Kg7 60. f6+ Kxf6 1/2-1/2

[Event "Saturday 07 April Rapid Engine Tour 12+1 Rounds 9 Starts 1600ST"]
[Site "Infinity Chess"]
[Date "2018.4.7"]
[Round "1"]
[White "Thinker"]
[Black "Murx"]
[Result "1/2-1/2"]
[ECO "C50"]
[WhiteElo "2450"]
[BlackElo "2507"]
[WhiteEngine "BrainFish_180404_x64_modern_CTG"]
[BlackEngine "asmFishW_2018-04-01_bmi2"]
[EventType "Swiss"]
[WhiteTeam ""]
[BlackTeam ""]
[PlyCount "162"]
[TimeControl "720+1"]

1. e4 e5 2. Nf3 Nc6 3. Bc4 Bc5 4. O-O Nf6 5. d3 O-O 6. c3 Bb6 7. a4 d6 8. b4 a5 
9. b5 Ne7 10. Nbd2 Ng6 11. Bb3 h6 12. Nc4 Ba7 13. Rb1 Re8 14. Re1 Bg4 15. h3 Bh5 
16. Ne3 Bxe3 17. Bxe3 Qe7 18. Kh2 Nh4 19. Rg1 Nxf3+ 20. gxf3 Kh7 21. Qd2 Bxf3 
22. Rg3 Bh5 23. Rbg1 Rg8 24. f4 exf4 25. Bxf4 c6 26. Be3 Bg6 27. Bd4 Nh5 
28. Rf3 c5 29. Bf2 Rad8 30. Kh1 Rd7 31. Qa2 Re8 32. Be1 Qe5 33. Rgf1 Red8 
34. Bh4 Rf8 35. Be6 Rc7 36. Bd5 Qxc3 37. b6 Rcc8 38. Be7 Qe5 39. Bxf8 Rxf8 
40. Qh2 Qe7 41. Qf2 Qe5 42. h4 Qe7 43. Qh2 Qd7 44. Qh3 Qe7 45. R1f2 Kg8 
46. Rg2 Kh8 47. Rgf2 Kh7 48. Kg2 Kh8 49. Qg4 Kh7 50. Kg1 Kh8 51. Bc4 Kh7 
52. Kf1 Qe8 53. Kg2 Qe7 54. Kh3 Kh8 55. Bb3 Kh7 56. Bd5 Kh8 57. Bc4 Kh7 
58. Bd5 Kh8 59. Bb3 Kh7 60. Kg2 Kh8 61. Kf1 Kh7 62. Bd5 Kh8 63. Bc4 Kh7 
64. Bb3 Kh8 65. Kg1 Kh7 66. Kg2 Kh8 67. Kf1 Kh7 68. Bc4 Qe8 69. Kg1 Qe7 
70. Kg2 Qe8 71. Ba2 Qe7 72. Bd5 Kh8 73. Kh3 Kh7 74. Bb3 Kh8 75. Ba2 Kh7 
76. Bc4 Kh8 77. Bd5 Kh7 78. Bb3 Qe8 79. Bc4 Qe7 80. Kg2 Kh8 81. Kh3 Kh7 1/2-1/2

[Event "Saturday 07 April Rapid Engine Tour 12+1 Rounds 9 Starts 1600ST"]
[Site "Infinity Chess"]
[Date "2018.4.7"]
[Round "1"]
[White "THE_MACHINE"]
[Black "RonWeasley"]
[Result "1/2-1/2"]
[ECO "C11"]
[WhiteElo "2508"]
[BlackElo "2456"]
[WhiteEngine "BrainFish_180404_x64_bmi2"]
[BlackEngine "BrainFish 010418 WM_CTG"]
[EventType "Swiss"]
[WhiteTeam ""]
[BlackTeam ""]
[PlyCount "148"]
[TimeControl "720+1"]

1. e4 e6 2. d4 d5 3. Nc3 Nf6 4. e5 Nfd7 5. f4 c5 6. Nf3 Nc6 7. Be3 cxd4 
8. Nxd4 Qb6 9. Qd2 Qxb2 10. Rb1 Qa3 11. Bb5 Nxd4 12. Bxd4 a6 13. Bxd7+ Bxd7 
14. Rb3 Qe7 15. Rxb7 Rc8 16. O-O Qd8 17. f5 exf5 18. Qd3 Bc5 19. Bxc5 Rxc5 
20. Nxd5 Bc8 21. Re7+ Kf8 22. Qa3 Qa5 23. Qxa5 Rxa5 24. Rc7 Be6 25. Nf4 Rxe5 
26. Nxe6+ Rxe6 27. Rxf5 Re7 28. Rc8+ Re8 29. Rc7 Re7 30. Rc8+ Re8 31. Rfc5 Ke7 
32. R8c6 g6 33. Kf2 Ra8 34. Rc7+ Kf6 35. Rc3 Kg7 36. Rf3 Rhf8 37. Kg3 Rad8 
38. h4 Rd2 39. a3 Kg8 40. Rf2 Rd4 41. Rf4 Rd2 42. Kf3 Rd1 43. a4 Rf1+ 
44. Kg4 Rg1 45. Kg3 Ra1 46. c3 Ra3 47. Kg4 h6 48. h5 g5 49. Rfc4 Ra2 
50. R4c6 Rxa4+ 51. c4 Kg7 52. g3 a5 53. Rg6+ Kh7 54. Ra6 Kg7 55. Rg6+ Kh7 
56. Rd6 Ra3 57. Ra6 a4 58. Rcc6 Kg7 59. Rxh6 Rd8 60. Rhd6 Rxd6 61. Rxd6 Re3 
62. Ra6 a3 63. c5 Rc3 64. c6 f6 65. Ra7+ Kh6 66. c7 a2 67. c8=Q Rxc8 
68. Rxa2 Rc4+ 69. Kf5 Rc5+ 70. Kxf6 Rc4 71. Ra6 Kxh5 72. Kf5 Rc5+ 73. Kf6 Rc4 
74. Ra5 Rc6+ 1/2-1/2

[Event "Saturday 07 April Rapid Engine Tour 12+1 Rounds 9 Starts 1600ST"]
[Site "Infinity Chess"]
[Date "2018.4.7"]
[Round "1"]
[White "star99"]
[Black "Susanne"]
[Result "1/2-1/2 "]
[ECO "E12"]
[WhiteElo "2457"]
[BlackElo "2520"]
[WhiteEngine "Cryptic Heroes 9.3B"]
[BlackEngine "stockfish_jvv03_x64_bmi2_CTG"]
[EventType "Swiss"]
[WhiteTeam ""]
[BlackTeam ""]
[PlyCount "123"]
[TimeControl "720+1"]

1. d4 Nf6 2. c4 e6 3. Nf3 b6 4. a3 Bb7 5. Bf4 d5 6. cxd5 exd5 7. e3 Bd6 
8. Qa4+ c6 9. Bxd6 Qxd6 10. Nc3 O-O 11. Rc1 Nbd7 12. Be2 Ne4 13. O-O c5 
14. dxc5 Nxc3 15. Rxc3 bxc5 16. Qc2 Rac8 17. b4 cxb4 18. axb4 Qxb4 19. Rxc8 Rxc8 
20. Qa2 Qc5 21. Nd4 g6 22. Ra1 a6 23. Rb1 Qc7 24. Qa3 h5 25. g3 Nc5 26. Bf1 Ne4 
27. Qb4 Nd6 28. Qb6 a5 29. Qxc7 Rxc7 30. Ra1 Nc4 31. Bxc4 dxc4 32. Rxa5 c3 
33. Ra1 c2 34. Rc1 Be4 35. f3 Bd3 36. Kf2 g5 37. Ke1 Bg6 38. Kd2 g4 
39. fxg4 hxg4 40. Nxc2 Rb7 41. e4 Bxe4 42. Nd4 Kg7 43. Ke2 Kf6 44. Rc5 Bb1 
45. Rc6+ Ke5 46. Ke3 Kd5 47. Rc1 Re7+ 48. Kf4 Bd3 49. Nc6 Re4+ 50. Kg5 f6+ 
51. Kxf6 Re6+ 52. Kg5 Rg6+ 53. Kf4 Rxc6 54. Rxc6 Kxc6 55. Kxg4 Kd6 56. Kg5 Ke7 
57. Kh6 Be2 58. h3 Bc4 59. g4 Be6 60. Kg7 Bc8 61. Kh7 Be6 62. Kh6 1/2-1/2

[Event "Saturday 07 April Rapid Engine Tour 12+1 Rounds 9 Starts 1600ST"]
[Site "Infinity Chess"]
[Date "2018.4.7"]
[Round "1"]
[White "xeonrocks"]
[Black "IronMan"]
[Result "1/2-1/2"]
[ECO "C42"]
[WhiteElo "2567"]
[BlackElo "2461"]
[WhiteEngine "Stockfish_x64_bmi2_CTG"]
[BlackEngine "Eman 1.70-beta18 64-bit BMI2"]
[EventType "Swiss"]
[WhiteTeam ""]
[BlackTeam ""]
[PlyCount "144"]
[TimeControl "720+1"]

1. e4 e5 2. Nf3 Nf6 3. Nxe5 d6 4. Nf3 Nxe4 5. d4 d5 6. Bd3 Nc6 7. Nbd2 Nxd2 
8. Bxd2 Bd6 9. c3 O-O 10. O-O Bg4 11. h3 Bh5 12. Re1 a6 13. g3 f5 14. Be2 f4 
15. g4 Bg6 16. c4 Be4 17. Bf1 Qf6 18. Bc3 Qg6 19. cxd5 Bxd5 20. Bd3 Qh6 
21. Be4 Ne7 22. Bxd5+ Nxd5 23. Qb3 c6 24. Kh2 Rab8 25. Re4 Qf6 26. Rae1 Qf7 
27. Bd2 Qd7 28. Kg1 b6 29. Ne5 Bxe5 30. Rxe5 a5 31. R1e4 Kh8 32. Qd3 Rbc8 
33. a3 Qf7 34. Qe2 Qd7 35. f3 Kg8 36. Kf1 Rf6 37. h4 Rcf8 38. Ke1 Ne3 
39. Qd3 Ng2+ 40. Ke2 Nxh4 41. Qb3+ Kh8 42. Qxb6 Ng6 43. Rxa5 Re6 44. Rxe6 Qxe6+ 
45. Kd3 Re8 46. Rc5 Nh4 47. Re5 Qg6+ 48. Ke2 h5 49. Rxe8+ Qxe8+ 50. Kf2 hxg4 
51. fxg4 Kh7 52. Qc7 Ng6 53. Bxf4 Qe4 54. Be5 Qc2+ 55. Ke1 Qc1+ 56. Kf2 Nxe5 
57. dxe5 Qxb2+ 58. Ke1 Qxa3 59. Kf2 Qc5+ 60. Kg3 Qe3+ 61. Kg2 Qe2+ 62. Kh3 Qe3+ 
63. Kg2 Qe4+ 64. Kf1 Qh1+ 65. Ke2 Qe4+ 66. Kd1 Qg6 67. Qe7 Qd3+ 68. Kc1 Qh3 
69. Qd7 Qc3+ 70. Kb1 Qxe5 71. Qxc6 Qe1+ 72. Kc2 Qe3 1/2-1/2